Workbook
Name a: #REF!
Name イ: #REF!
Name 協議区分: [1]事業番号表!$E$3:$E$7
Name 区分①: #REF!
Name 区分②: #REF!
Name 区分②１: #REF!
Name 区分②ア: #REF!
Name 区分②イ: #REF!
Name 区分②の１: #REF!
Name 区分②の２: #REF!
Name 区分②の３: #REF!
Name 区分③: #REF!
Name 区分③10分の10: [2]リスト!$B$27:$B$28,[2]リスト!$B$30
Name 区分④: #REF!
Name 区分⑤: #REF!
Name 区分⑥: #REF!
Name 選択基盤: #REF!
Name 独自基盤: #REF!
Name 分野①: #REF!
Name 分野②: #REF!
Name 分野②ア: #REF!
Name 分野②イ: #REF!
Name 分野②カ: #REF!
Name 分野③: #REF!
Name 分野④: #REF!
Name 分野⑤: #REF!
Name 分野⑥: #REF!

Sheet 【交付申請】(第１号様式)交付申請書
B1: 別記第１号様式 | AM1: ８ | AO1: ←年度入力用
X3: 令和 年 月 日
C5: 東京都知事 殿
Q7: 主たる事務所の所在地
Q8: 法人名称
Q9: 代表者職・氏名 | AH9: 印
A11: ="令和"&AM1&"年度強度行動障害者等の受入れ環境整備事業補助金交付申請書" -> 令和８年度強度行動障害者等の受入れ環境整備事業補助金交付申請書
C13: 強度行動障害者等の受入れ環境整備事業補助金について、下記のとおり交付申請をします。
S15: 記
C17: １ | E17: 交付申請額 | T17: 金 | U17: ='【交付申請】(参考様式1-1)交付申請額内訳）'!H13 -> 0 | AE17: 円
C19: ２ | E19: 添付書類
D20: （１）別紙 交付申請額内訳
D21: （２）印鑑証明書（郵送申請の場合）
D22: （３）その他参考となる書類
C24: ３ | E24: 誓約・確認事項
G25: 当該申請により補助金の交付を受けようとする者（法人その他の団体にあっては、代表者、役員又は使用人その他の従業員若しくは構成員を含む。）が東京都暴力団排除条例第２条第２号に規定する暴力団、同条第３号に規定する暴力団員又は同条第４号に規定する暴力団関係者に該当せず、かつ将来にわたっても該当しない。あわせて、知事が必要と認めた場合には、暴力団員等であるか否かの確認のため、警視庁へ照会がなされることに同意する。
G26: 都が補助金の交付の決定を取り消した場合、補助金の交付後であっても返還に応じる。
G27: 補助事業により取得し、又は効用の増加した財産については、善良な管理者の注意をもって管理するとともに、その効率的な運営を図る。
G28: この補助金における収入及び支出等に係る証拠書類その他関係書類を５年間適切に整備・保管する。また、都が求めたときは速やかに提出する。
G29: 補助事業を行うために締結する契約の相手方及びその関係者から寄付金等資金の提供を受けていない。
G30: 本補助金と対象経費を重複して、他の地方公共団体等及び他の事業から補助金の交付を受けていない。
G31: 補助事業を実施する事業所において、人員基準違反が生じていない。
G32: 補助事業が、強度行動障害者等の重度障害者の受入れ環境整備に資するものとなっている。
C34: ４ | E34: 連絡先
E35: 担当部署
E36: 担当者
E37: 電話番号
E38: 郵送先 | I38: 〒 | P38: -
I39: 住所
E40: e-mailアドレス

Sheet 【交付申請】(参考様式1-1)交付申請額内訳）
A1: （参考様式１－１）
B2: 別紙 交付申請額内訳
B3: 経費所要額調書
B4: 法人名 | D4: ='【交付申請】(第１号様式)交付申請書'!R8 -> 0 | H4: 法人番号（１３桁）
B5: 事業所名 | H5: 事業所番号（１０桁）
B6: サービスの種類 | F6: ユニット名 ※共同生活援助の場合のみ
B7: 事業所定員 | F7: ユニット定員 ※共同生活援助の場合のみ
B8: 事業所(ユニット) 所在地 | D8: 東京都
H10: （単位：円）
B11: 対象経費の支出予定額 （消費税税抜相当額） | E11: 補助基準額 | F11: 選定額 | G11: 補助率 | H11: 東京都補助金所要額 （交付申請額） ※千円未満切捨
B12: Ａ | E12: Ｂ | F12: Ｃ＝ＡとＢのうち少ない額 | G12: Ｄ | H12: Ｅ＝Ｃ×Ｄ
B13: =I16 -> 0 | E13: 500000 | F13: =MIN(B13,E13) -> 0 | G13: 0.875 | H13: =ROUNDDOWN(F13*G13,-3) -> 0
I14: （単位：円）
B15: 番号 | C15: 項目 | F15: 金額（税抜） | G15: 消費税額 | H15: 合計額 | I15: 対象経費の支出額 （消費税税抜相当額）
B16: 1 | G16: =ROUNDDOWN(F16*0.1,0) -> 0 | H16: =SUM(F16:G40) -> 0 | I16: =SUM(F16:F40) -> 0
B17: 2 | G17: =ROUNDDOWN(F17*0.1,0) -> 0
B18: 3 | G18: =ROUNDDOWN(F18*0.1,0) -> 0
B19: 4 | G19: =ROUNDDOWN(F19*0.1,0) -> 0
B20: 5 | G20: =ROUNDDOWN(F20*0.1,0) -> 0
B21: 6 | G21: =ROUNDDOWN(F21*0.1,0) -> 0
B22: 7 | G22: =ROUNDDOWN(F22*0.1,0) -> 0
B23: 8 | G23: =ROUNDDOWN(F23*0.1,0) -> 0
B24: 9 | G24: =ROUNDDOWN(F24*0.1,0) -> 0
B25: 10 | G25: =ROUNDDOWN(F25*0.1,0) -> 0
B26: 11 | G26: =ROUNDDOWN(F26*0.1,0) -> 0
B27: 12 | G27: =ROUNDDOWN(F27*0.1,0) -> 0
B28: 13 | G28: =ROUNDDOWN(F28*0.1,0) -> 0
... B40: 25 | G40: =ROUNDDOWN(F40*0.1,0) -> 0

Sheet 【交付申請】(参考様式2-1)予算書抄本
A1: （参考様式２－１）
A3: ="令和"&'【交付申請】(第１号様式)交付申請書'!AM1&"年度強度行動障害者等の受入れ環境整備事業 歳入歳出予算書（抄本）" -> 令和８年度強度行動障害者等の受入れ環境整備事業 歳入歳出予算書（抄本）
A4: 区分 | B4: 項目 | C4: 金額 | D4: 備考
A5: 歳 入 | B5: 東京都補助金 | C5: ='【交付申請】(第１号様式)交付申請書'!U17 -> 0
B6: 自己負担金 | C6: =C14-C5 -> 0
B9: 合計 | C9: =SUM(C5:C8) -> 0
A10: 歳 出 | B10: 強度行動障害者等の 受入れ環境整備費 | C10: ='【交付申請】(参考様式1-1)交付申請額内訳）'!H16 -> 0
B14: 合計 | C14: =SUM(C10:C13) -> 0
A16: この抄本は原本と相違ないことを証明します。
B17: ='【交付申請】(第１号様式)交付申請書'!X3 -> 令和 年 月 日
B18: 法人名 | C18: ='【交付申請】(第１号様式)交付申請書'!R8 -> 0
B19: 代表者職・氏名 | C19: ='【交付申請】(第１号様式)交付申請書'!R9 -> 0 | D19: ='【交付申請】(第１号様式)交付申請書'!Y9 -> 0

Sheet 【交付申請】(参考様式3)整備計画書① 
A1: 参考様式３
B3: 整備計画書
B5: １ 事業所名 | E5: ='【交付申請】(参考様式1-1)交付申請額内訳）'!D5 -> 0
B6: ユニット名 | E6: ='【交付申請】(参考様式1-1)交付申請額内訳）'!G6 -> 0
B7: ２ 環境整備を要する重度障害者の障害特性等
B8: 障害支援区分 | E8: 主な障害の種別
B9: 障害特性、 支援上困難な点など
B14: ３ 障害特性に応じた整備理由
B15: 番号 | C15: 項目 | D15: 整備内容詳細 | F15: 整備理由（見込まれる効果）
B16: 1 | C16: =IF('【交付申請】(参考様式1-1)交付申請額内訳）'!C16="","",'【交付申請】(参考様式1-1)交付申請額内訳）'!C16)
B17: 2 | C17: =IF('【交付申請】(参考様式1-1)交付申請額内訳）'!C17="","",'【交付申請】(参考様式1-1)交付申請額内訳）'!C17)
B18: 3 | C18: =IF('【交付申請】(参考様式1-1)交付申請額内訳）'!C18="","",'【交付申請】(参考様式1-1)交付申請額内訳）'!C18)
B19: 4 | C19: =IF('【交付申請】(参考様式1-1)交付申請額内訳）'!C19="","",'【交付申請】(参考様式1-1)交付申請額内訳）'!C19)
B20: 5 | C20: =IF('【交付申請】(参考様式1-1)交付申請額内訳）'!C20="","",'【交付申請】(参考様式1-1)交付申請額内訳）'!C20)
B21: 6 | C21: =IF('【交付申請】(参考様式1-1)交付申請額内訳）'!C21="","",'【交付申請】(参考様式1-1)交付申請額内訳）'!C21)
B22: 7 | C22: =IF('【交付申請】(参考様式1-1)交付申請額内訳）'!C22="","",'【交付申請】(参考様式1-1)交付申請額内訳）'!C22)
B23: 8 | C23: =IF('【交付申請】(参考様式1-1)交付申請額内訳）'!C23="","",'【交付申請】(参考様式1-1)交付申請額内訳）'!C23)
B24: 9 | C24: =IF('【交付申請】(参考様式1-1)交付申請額内訳）'!C24="","",'【交付申請】(参考様式1-1)交付申請額内訳）'!C24)
B25: 10 | C25: =IF('【交付申請】(参考様式1-1)交付申請額内訳）'!C25="","",'【交付申請】(参考様式1-1)交付申請額内訳）'!C25)

Sheet 【交付申請】(参考様式3)整備計画書②
A1: 参考様式３
B3: 整備計画書
B5: １ 事業所名 | E5: ='【交付申請】(参考様式1-1)交付申請額内訳）'!D5 -> 0
B6: ユニット名 | E6: ='【交付申請】(参考様式1-1)交付申請額内訳）'!G6 -> 0
B7: ２ 環境整備を要する重度障害者の障害特性等
B8: 障害支援区分 | D8: ='【交付申請】(参考様式3)整備計画書① '!D8 -> 0 | E8: 主な障害の種別 | F8: ='【交付申請】(参考様式3)整備計画書① '!F8 -> 0
B9: 障害特性、 支援上困難な点など | D9: ='【交付申請】(参考様式3)整備計画書① '!D9 -> 0
B14: ３ 障害特性に応じた整備理由
B15: 番号 | C15: 項目 | D15: 整備内容詳細 | F15: 整備理由（見込まれる効果）
B16: 11 | C16: =IF('【交付申請】(参考様式1-1)交付申請額内訳）'!C26="","",'【交付申請】(参考様式1-1)交付申請額内訳）'!C26)
B17: 12 | C17: =IF('【交付申請】(参考様式1-1)交付申請額内訳）'!C27="","",'【交付申請】(参考様式1-1)交付申請額内訳）'!C27)
B18: 13 | C18: =IF('【交付申請】(参考様式1-1)交付申請額内訳）'!C28="","",'【交付申請】(参考様式1-1)交付申請額内訳）'!C28)
B19: 14 | C19: =IF('【交付申請】(参考様式1-1)交付申請額内訳）'!C29="","",'【交付申請】(参考様式1-1)交付申請額内訳）'!C29)
B20: 15 | C20: =IF('【交付申請】(参考様式1-1)交付申請額内訳）'!C30="","",'【交付申請】(参考様式1-1)交付申請額内訳）'!C30)
B21: 16 | C21: =IF('【交付申請】(参考様式1-1)交付申請額内訳）'!C31="","",'【交付申請】(参考様式1-1)交付申請額内訳）'!C31)
B22: 17 | C22: =IF('【交付申請】(参考様式1-1)交付申請額内訳）'!C32="","",'【交付申請】(参考様式1-1)交付申請額内訳）'!C32)
B23: 18 | C23: =IF('【交付申請】(参考様式1-1)交付申請額内訳）'!C33="","",'【交付申請】(参考様式1-1)交付申請額内訳）'!C33)
B24: 19 | C24: =IF('【交付申請】(参考様式1-1)交付申請額内訳）'!C34="","",'【交付申請】(参考様式1-1)交付申請額内訳）'!C34)
B25: 20 | C25: =IF('【交付申請】(参考様式1-1)交付申請額内訳）'!C35="","",'【交付申請】(参考様式1-1)交付申請額内訳）'!C35)

Sheet 【交付申請】(参考様式3)整備計画書③
A1: 参考様式３
B3: 整備計画書
B5: １ 事業所名 | E5: ='【交付申請】(参考様式1-1)交付申請額内訳）'!D5 -> 0
B6: ユニット名 | E6: ='【交付申請】(参考様式1-1)交付申請額内訳）'!G6 -> 0
B7: ２ 環境整備を要する重度障害者の障害特性等
B8: 障害支援区分 | D8: ='【交付申請】(参考様式3)整備計画書① '!D8 -> 0 | E8: 主な障害の種別 | F8: ='【交付申請】(参考様式3)整備計画書① '!F8 -> 0
B9: 障害特性、 支援上困難な点など | D9: ='【交付申請】(参考様式3)整備計画書① '!D9 -> 0
B14: ３ 障害特性に応じた整備理由
B15: 番号 | C15: 項目 | D15: 整備内容詳細 | F15: 整備理由（見込まれる効果）
B16: 21 | C16: =IF('【交付申請】(参考様式1-1)交付申請額内訳）'!C36="","",'【交付申請】(参考様式1-1)交付申請額内訳）'!C36)
B17: 22 | C17: =IF('【交付申請】(参考様式1-1)交付申請額内訳）'!C37="","",'【交付申請】(参考様式1-1)交付申請額内訳）'!C37)
B18: 23 | C18: =IF('【交付申請】(参考様式1-1)交付申請額内訳）'!C38="","",'【交付申請】(参考様式1-1)交付申請額内訳）'!C38)
B19: 24 | C19: =IF('【交付申請】(参考様式1-1)交付申請額内訳）'!C39="","",'【交付申請】(参考様式1-1)交付申請額内訳）'!C39)
B20: 25 | C20: =IF('【交付申請】(参考様式1-1)交付申請額内訳）'!C40="","",'【交付申請】(参考様式1-1)交付申請額内訳）'!C40)
B21: 26
B22: 27
B23: 28
B24: 29
B25: 30

Sheet 【実績報告】(第2号様式)実績報告書
B1: 別記第２号様式
X3: 令和 年 月 日
C5: 東京都知事 殿
Q7: 主たる事務所の所在地 | R7: ='【交付申請】(第１号様式)交付申請書'!R7 -> 0
Q8: 法人名称 | R8: ='【交付申請】(第１号様式)交付申請書'!R8 -> 0
Q9: 代表者職・氏名 | R9: ='【交付申請】(第１号様式)交付申請書'!R9 -> 0 | Y9: ='【交付申請】(第１号様式)交付申請書'!Y9 -> 0 | AH9: 印
A11: ="令和"&'【交付申請】(第１号様式)交付申請書'!AM1&"年度強度行動障害者等の受入れ環境整備事業補助金実績報告書" -> 令和８年度強度行動障害者等の受入れ環境整備事業補助金実績報告書
C13: 強度行動障害者等の受入れ環境整備事業補助金について、下記のとおり交付申請及び
B14: 事業実績報告をします。
S16: 記
C18: １ | E18: 実績報告額 | T18: 金 | U18: ='【実績報告】(参考様式1-2)実績報告額内訳'!I13 -> 0 | AE18: 円
C20: ２ | E20: 添付書類
D21: （１）別紙 実績報告額内訳
D22: （２）口座振替依頼書
D23: （３）その他参考となる書類
C25: ３ | E25: 連絡先
E26: 担当部署 | L26: ='【交付申請】(第１号様式)交付申請書'!L35 -> 0
E27: 担当者 | L27: ='【交付申請】(第１号様式)交付申請書'!L36 -> 0
E28: 電話番号 | L28: ='【交付申請】(第１号様式)交付申請書'!L37 -> 0
E29: 郵送先 | I29: 〒 | L29: ='【交付申請】(第１号様式)交付申請書'!L38 -> 0 | P29: - | Q29: ='【交付申請】(第１号様式)交付申請書'!Q38 -> 0
I30: 住所 | L30: ='【交付申請】(第１号様式)交付申請書'!L39 -> 0
E31: e-mailアドレス | L31: ='【交付申請】(第１号様式)交付申請書'!L40 -> 0

Sheet 【実績報告】(参考様式1-2)実績報告額内訳
A1: （参考様式１－２）
B2: 別紙 実績報告額内訳
B3: 経費所要額精算書
B4: 法人名 | D4: ='【交付申請】(第１号様式)交付申請書'!R8 -> 0 | I4: 法人番号（１３桁） | J4: ='【交付申請】(参考様式1-1)交付申請額内訳）'!I4 -> 0
B5: 事業所名 | D5: ='【交付申請】(参考様式1-1)交付申請額内訳）'!D5 -> 0 | I5: 事業所番号（１０桁） | J5: ='【交付申請】(参考様式1-1)交付申請額内訳）'!I5 -> 0
B6: サービスの種類 | D6: ='【交付申請】(参考様式1-1)交付申請額内訳）'!D6 -> 0 | F6: ユニット名 ※共同生活援助の場合のみ | H6: ='【交付申請】(参考様式1-1)交付申請額内訳）'!G6 -> 0
B7: 事業所定員 | D7: ='【交付申請】(参考様式1-1)交付申請額内訳）'!D7 -> 0 | F7: ユニット定員 ※共同生活援助の場合のみ | H7: ='【交付申請】(参考様式1-1)交付申請額内訳）'!G7 -> 0
B8: 事業所(ユニット) 所在地 | D8: ='【交付申請】(参考様式1-1)交付申請額内訳）'!D8 -> 東京都
K10: （単位：円）
B11: 対象経費の支出済額 （消費税税抜相当額） | D11: 補助基準額 | E11: 選定額 | F11: 補助率 | G11: 都補助金所要額 ※千円未満切捨 | H11: 都補助金 交付決定額 | I11: 都補助金確定額 | J11: 既交付額 | K11: 差引過不足額
B12: Ａ | D12: Ｂ | E12: Ｃ＝ＡとＢの うち少ない額 | F12: Ｄ | G12: Ｅ＝Ｃ×Ｄ | H12: Ｆ | I12: Ｇ＝ＥとＦのうち 少ない額 | J12: Ｈ | K12: Ｉ＝Ｇ－Ｈ
B13: =J16 -> 0 | D13: 500000 | E13: =MIN(B13,D13) -> 0 | F13: 0.875 | G13: =ROUNDDOWN(E13*F13,-3) -> 0 | H13: ='【交付申請】(第１号様式)交付申請書'!U17 -> 0 | I13: =MIN(G13,H13) -> 0 | J13: 0 | K13: =I13-J13 -> 0
K14: （単位：円）
B15: 領収書 番号 | C15: 項目 | G15: 金額（税抜） | H15: 消費税額 | I15: 合計額 | J15: 対象経費の支出済額 （消費税税抜相当額）
B16: =IF('【交付申請】(参考様式1-1)交付申請額内訳）'!B16="","",'【交付申請】(参考様式1-1)交付申請額内訳）'!B16) -> 1 | C16: =IF('【交付申請】(参考様式1-1)交付申請額内訳）'!C16="","",'【交付申請】(参考様式1-1)交付申請額内訳）'!C16) | G16: =IF('【交付申請】(参考様式1-1)交付申請額内訳）'!$F16="","",'【交付申請】(参考様式1-1)交付申請額内訳）'!$F16) | H16: =IF(G16="",0,ROUNDDOWN(G16*0.1,0)) -> 0 | I16: =SUM(G16:H40) -> 0 | J16: =SUM(G16:G40) -> 0
B17: =IF('【交付申請】(参考様式1-1)交付申請額内訳）'!B17="","",'【交付申請】(参考様式1-1)交付申請額内訳）'!B17) -> 2 | C17: =IF('【交付申請】(参考様式1-1)交付申請額内訳）'!C17="","",'【交付申請】(参考様式1-1)交付申請額内訳）'!C17) | G17: =IF('【交付申請】(参考様式1-1)交付申請額内訳）'!$F17="","",'【交付申請】(参考様式1-1)交付申請額内訳）'!$F17) | H17: =IF(G17="",0,ROUNDDOWN(G17*0.1,0)) -> 0
B18: =IF('【交付申請】(参考様式1-1)交付申請額内訳）'!B18="","",'【交付申請】(参考様式1-1)交付申請額内訳）'!B18) -> 3 | C18: =IF('【交付申請】(参考様式1-1)交付申請額内訳）'!C18="","",'【交付申請】(参考様式1-1)交付申請額内訳）'!C18) | G18: =IF('【交付申請】(参考様式1-1)交付申請額内訳）'!$F18="","",'【交付申請】(参考様式1-1)交付申請額内訳）'!$F18) | H18: =IF(G18="",0,ROUNDDOWN(G18*0.1,0)) -> 0
B19: =IF('【交付申請】(参考様式1-1)交付申請額内訳）'!B19="","",'【交付申請】(参考様式1-1)交付申請額内訳）'!B19) -> 4 | C19: =IF('【交付申請】(参考様式1-1)交付申請額内訳）'!C19="","",'【交付申請】(参考様式1-1)交付申請額内訳）'!C19) | G19: =IF('【交付申請】(参考様式1-1)交付申請額内訳）'!$F19="","",'【交付申請】(参考様式1-1)交付申請額内訳）'!$F19) | H19: =IF(G19="",0,ROUNDDOWN(G19*0.1,0)) -> 0
B20: =IF('【交付申請】(参考様式1-1)交付申請額内訳）'!B20="","",'【交付申請】(参考様式1-1)交付申請額内訳）'!B20) -> 5 | C20: =IF('【交付申請】(参考様式1-1)交付申請額内訳）'!C20="","",'【交付申請】(参考様式1-1)交付申請額内訳）'!C20) | G20: =IF('【交付申請】(参考様式1-1)交付申請額内訳）'!$F20="","",'【交付申請】(参考様式1-1)交付申請額内訳）'!$F20) | H20: =IF(G20="",0,ROUNDDOWN(G20*0.1,0)) -> 0
B21: =IF('【交付申請】(参考様式1-1)交付申請額内訳）'!B21="","",'【交付申請】(参考様式1-1)交付申請額内訳）'!B21) -> 6 | C21: =IF('【交付申請】(参考様式1-1)交付申請額内訳）'!C21="","",'【交付申請】(参考様式1-1)交付申請額内訳）'!C21) | G21: =IF('【交付申請】(参考様式1-1)交付申請額内訳）'!$F21="","",'【交付申請】(参考様式1-1)交付申請額内訳）'!$F21) | H21: =IF(G21="",0,ROUNDDOWN(G21*0.1,0)) -> 0
B22: =IF('【交付申請】(参考様式1-1)交付申請額内訳）'!B22="","",'【交付申請】(参考様式1-1)交付申請額内訳）'!B22) -> 7 | C22: =IF('【交付申請】(参考様式1-1)交付申請額内訳）'!C22="","",'【交付申請】(参考様式1-1)交付申請額内訳）'!C22) | G22: =IF('【交付申請】(参考様式1-1)交付申請額内訳）'!$F22="","",'【交付申請】(参考様式1-1)交付申請額内訳）'!$F22) | H22: =IF(G22="",0,ROUNDDOWN(G22*0.1,0)) -> 0
B23: =IF('【交付申請】(参考様式1-1)交付申請額内訳）'!B23="","",'【交付申請】(参考様式1-1)交付申請額内訳）'!B23) -> 8 | C23: =IF('【交付申請】(参考様式1-1)交付申請額内訳）'!C23="","",'【交付申請】(参考様式1-1)交付申請額内訳）'!C23) | G23: =IF('【交付申請】(参考様式1-1)交付申請額内訳）'!$F23="","",'【交付申請】(参考様式1-1)交付申請額内訳）'!$F23) | H23: =IF(G23="",0,ROUNDDOWN(G23*0.1,0)) -> 0
B24: =IF('【交付申請】(参考様式1-1)交付申請額内訳）'!B24="","",'【交付申請】(参考様式1-1)交付申請額内訳）'!B24) -> 9 | C24: =IF('【交付申請】(参考様式1-1)交付申請額内訳）'!C24="","",'【交付申請】(参考様式1-1)交付申請額内訳）'!C24) | G24: =IF('【交付申請】(参考様式1-1)交付申請額内訳）'!$F24="","",'【交付申請】(参考様式1-1)交付申請額内訳）'!$F24) | H24: =IF(G24="",0,ROUNDDOWN(G24*0.1,0)) -> 0
B25: =IF('【交付申請】(参考様式1-1)交付申請額内訳）'!B25="","",'【交付申請】(参考様式1-1)交付申請額内訳）'!B25) -> 10 | C25: =IF('【交付申請】(参考様式1-1)交付申請額内訳）'!C25="","",'【交付申請】(参考様式1-1)交付申請額内訳）'!C25) | G25: =IF('【交付申請】(参考様式1-1)交付申請額内訳）'!$F25="","",'【交付申請】(参考様式1-1)交付申請額内訳）'!$F25) | H25: =IF(G25="",0,ROUNDDOWN(G25*0.1,0)) -> 0
B26: =IF('【交付申請】(参考様式1-1)交付申請額内訳）'!B26="","",'【交付申請】(参考様式1-1)交付申請額内訳）'!B26) -> 11 | C26: =IF('【交付申請】(参考様式1-1)交付申請額内訳）'!C26="","",'【交付申請】(参考様式1-1)交付申請額内訳）'!C26) | G26: =IF('【交付申請】(参考様式1-1)交付申請額内訳）'!$F26="","",'【交付申請】(参考様式1-1)交付申請額内訳）'!$F26) | H26: =IF(G26="",0,ROUNDDOWN(G26*0.1,0)) -> 0
B27: =IF('【交付申請】(参考様式1-1)交付申請額内訳）'!B27="","",'【交付申請】(参考様式1-1)交付申請額内訳）'!B27) -> 12 | C27: =IF('【交付申請】(参考様式1-1)交付申請額内訳）'!C27="","",'【交付申請】(参考様式1-1)交付申請額内訳）'!C27) | G27: =IF('【交付申請】(参考様式1-1)交付申請額内訳）'!$F27="","",'【交付申請】(参考様式1-1)交付申請額内訳）'!$F27) | H27: =IF(G27="",0,ROUNDDOWN(G27*0.1,0)) -> 0
B28: =IF('【交付申請】(参考様式1-1)交付申請額内訳）'!B28="","",'【交付申請】(参考様式1-1)交付申請額内訳）'!B28) -> 13 | C28: =IF('【交付申請】(参考様式1-1)交付申請額内訳）'!C28="","",'【交付申請】(参考様式1-1)交付申請額内訳）'!C28) | G28: =IF('【交付申請】(参考様式1-1)交付申請額内訳）'!$F28="","",'【交付申請】(参考様式1-1)交付申請額内訳）'!$F28) | H28: =IF(G28="",0,ROUNDDOWN(G28*0.1,0)) -> 0
... B40: =IF('【交付申請】(参考様式1-1)交付申請額内訳）'!B40="","",'【交付申請】(参考様式1-1)交付申請額内訳）'!B40) -> 25 | C40: =IF('【交付申請】(参考様式1-1)交付申請額内訳）'!C40="","",'【交付申請】(参考様式1-1)交付申請額内訳）'!C40) | G40: =IF('【交付申請】(参考様式1-1)交付申請額内訳）'!$F40="","",'【交付申請】(参考様式1-1)交付申請額内訳）'!$F40) | H40: =IF(G40="",0,ROUNDDOWN(G40*0.1,0)) -> 0

Sheet 【実績報告】(参考様式2-2)決算書抄本 
A1: （参考様式２－２）
A3: ="令和"&'【交付申請】(第１号様式)交付申請書'!AM1&"年度強度行動障害者等の受入れ環境整備事業 歳入歳出決算(見込)書（抄本）" -> 令和８年度強度行動障害者等の受入れ環境整備事業 歳入歳出決算(見込)書（抄本）
A4: 区分 | B4: 項目 | C4: 金額 | D4: 備考
A5: 歳 入 | B5: 東京都補助金 | C5: ='【実績報告】(第2号様式)実績報告書'!U18 -> 0
B6: 自己負担金 | C6: =C14-C5 -> 0
B7: =IF('【交付申請】(参考様式2-1)予算書抄本'!B7="","",'【交付申請】(参考様式2-1)予算書抄本'!B7)
B8: =IF('【交付申請】(参考様式2-1)予算書抄本'!B8="","",'【交付申請】(参考様式2-1)予算書抄本'!B8)
B9: 合計 | C9: =SUM(C5:C8) -> 0
A10: 歳 出 | B10: 重度障害者の 受入れ環境整備費 | C10: ='【実績報告】(参考様式1-2)実績報告額内訳'!I16 -> 0
B11: =IF('【交付申請】(参考様式2-1)予算書抄本'!B11="","",'【交付申請】(参考様式2-1)予算書抄本'!B11)
B12: =IF('【交付申請】(参考様式2-1)予算書抄本'!B12="","",'【交付申請】(参考様式2-1)予算書抄本'!B12)
B13: =IF('【交付申請】(参考様式2-1)予算書抄本'!B13="","",'【交付申請】(参考様式2-1)予算書抄本'!B13)
B14: 合計 | C14: =SUM(C10:C13) -> 0
A16: この抄本は原本と相違ないことを証明します。
B17: ='【実績報告】(第2号様式)実績報告書'!X3 -> 令和 年 月 日
B18: 法人名 | C18: ='【実績報告】(第2号様式)実績報告書'!R8 -> 0
B19: 代表者職・氏名 | C19: ='【実績報告】(第2号様式)実績報告書'!R9 -> 0 | D19: ='【実績報告】(第2号様式)実績報告書'!Y9 -> 0

Sheet 【実績報告】(参考様式4)請求書
A1: （参考様式４） | L1: ='【実績報告】(参考様式1-2)実績報告額内訳'!J5 -> 0
B5: 東京都知事 殿
M8: ='【実績報告】(第2号様式)実績報告書'!X3 -> 令和 年 月 日
I12: 法人の住所 | K12: ='【実績報告】(第2号様式)実績報告書'!R7 -> 0
I14: 法人名 | K14: ='【実績報告】(第2号様式)実績報告書'!R8 -> 0
I16: 代表者職・氏名 | K16: ='【実績報告】(第2号様式)実績報告書'!R9 -> 0 | M16: ='【実績報告】(第2号様式)実績報告書'!Y9 -> 0
C20: ="令和"&'【交付申請】(第１号様式)交付申請書'!AM1&"年度強度行動障害者等の受入れ環境整備事業補助金請求書" -> 令和８年度強度行動障害者等の受入れ環境整備事業補助金請求書
B23: 下記のとおり、令和 | H23: ='【交付申請】(第１号様式)交付申請書'!AM1 -> ８ | I23: 年度強度行動障害者等の受入れ環境整備事業補助金
B24: を請求します。
A27: 記
B30: １ 事業所名 | I30: ='【実績報告】(参考様式1-2)実績報告額内訳'!D5 -> 0
B32: ２ 請求額 | I32: ='【実績報告】(参考様式1-2)実績報告額内訳'!K13 -> 0

Sheet 【実績報告】口座振替依頼書
B1: 第１号様式
AA2: ='【実績報告】(参考様式1-2)実績報告額内訳'!J5 -> 0
R5: 支払金口座振替依頼書
R6: （ 新 規 ・ 変 更 用 ）
AI8: 令和 年 月 日
B11: 東京都知事 殿
L14: 東京都から私に支払われる令和 | M14: ='【交付申請】(第１号様式)交付申請書'!AM1 -> ８ | N14: 年度強度行動障害者等の受入れ環境整備事業補助金は口座振替により
B15: 受領することを希望します。ついては、今後下記の口座に口座振替の方法をもって振り込んでください。
G17: 住 所
J18: ='【実績報告】(第2号様式)実績報告書'!R7 -> 0
C19: 依頼人 | J19: （連絡先電話番号 | P19: ='【実績報告】(第2号様式)実績報告書'!L28 -> 0 | Z19: ）
G21: 氏 名
J22: ='【実績報告】(第2号様式)実績報告書'!R8 -> 0
J23: ='【実績報告】(第2号様式)実績報告書'!R9 -> 0 | Q23: ='【実績報告】(第2号様式)実績報告書'!Y9 -> 0
H25: (法人の場合は、法人名及び代表者職・氏名)
B31: 振込先金融機関名 | K31: 本・支店名 | P31: 金融機関・支店コード | W31: 種目 | X31: 口座番号（右詰めで記入）
H32: 銀行 | N32: 支店
B33: 口座名義人（半角カタカナまたは半角記号） ３０文字まで | AK33: 濁点 | AL33: 半濁点 | AM33: 長音
AK34: ﾞ | AL34: ﾟ | AM34: -
Q38: ＊ 種目：預金種目は、次のコードを記入願います。 ：１普通、２当座、４貯蓄
B41: ご注意
B43: １ 新規・変更の該当する部分を○で囲んでください。
B44: ２ 振込先の口座は依頼人ご本人の口座に限ります。（法人の場合は当該法人の口座に限ります。）
B45: ３ 変更の場合は変更箇所のみご記入ください。

Sheet 別記第３号様式
A1: 別記第３号様式
G3: 番号
G4: 年 月 日
B7: 東京都知事 殿
F9: 補助事業者名
F10: 代表者名
B14: ="令和"&'【交付申請】(第１号様式)交付申請書'!AM1&"年度消費税仕入控除税額報告書" -> 令和８年度消費税仕入控除税額報告書
B17: 令和 年 月 日付 第 号により交付決定があった補助金について、強度行動障害者等の受入れ環境整備費補助金交付要綱別紙15に基づき、下記のとおり報告する。
B21: 記
B23: １ 補助金等に係る予算の執行の適正化に関する法律第15条に基づく額の確定額又は
B24: 事業実績報告額
B26: 金 | D26: 円
B28: ２ 消費税の申告により確定した消費税仕入控除税額（要補助金返還相当額）
B30: 金 | D30: 円
B33: ３ その他参考となる書類
E40: 連絡先 | F40: 担当者
F41: 電 話
F42: メールアドレス

Sheet 都集計表（交付決定）
A1: 通しNo | B1: 法人名 | C1: 法人番号 | D1: 法人所在地 | E1: 代表者職名 | F1: 代表者氏名 | G1: 事業所名 | H1: 事業所番号 | I1: サービス種類 | J1: ユニット名 | K1: 事業所定員 | L1: ユニット定員 | M1: 所在地 | N1: 総事業費 | O1: 交付申請額 | P1: 交付決定額 | Q1: 担当者氏名 | R1: 担当者所属 | S1: 電話番号 | T1: 郵便番号 | U1: 担当者送付先 | V1: メールアドレス
B2: ='【交付申請】(第１号様式)交付申請書'!R8 -> 0 | C2: ='【交付申請】(参考様式1-1)交付申請額内訳）'!I4 -> 0 | D2: ='【交付申請】(第１号様式)交付申請書'!R7 -> 0 | E2: ='【交付申請】(第１号様式)交付申請書'!R9 -> 0 | F2: ='【交付申請】(第１号様式)交付申請書'!Y9 -> 0 | G2: ='【交付申請】(参考様式1-1)交付申請額内訳）'!D5 -> 0 | H2: ='【交付申請】(参考様式1-1)交付申請額内訳）'!I5 -> 0 | I2: ='【交付申請】(参考様式1-1)交付申請額内訳）'!D6 -> 0 | J2: ='【交付申請】(参考様式1-1)交付申請額内訳）'!G6 -> 0 | K2: ='【交付申請】(参考様式1-1)交付申請額内訳）'!D7 -> 0 | L2: ='【交付申請】(参考様式1-1)交付申請額内訳）'!G7 -> 0 | M2: ='【交付申請】(参考様式1-1)交付申請額内訳）'!D8 -> 東京都 | N2: ='【交付申請】(参考様式1-1)交付申請額内訳）'!H16 -> 0 | O2: ='【交付申請】(第１号様式)交付申請書'!U17 -> 0 | P2: =O2 -> 0 | Q2: ='【交付申請】(第１号様式)交付申請書'!L36 -> 0 | R2: ='【交付申請】(第１号様式)交付申請書'!L35 -> 0 | S2: ='【交付申請】(第１号様式)交付申請書'!L37 -> 0 | T2: ='【交付申請】(第１号様式)交付申請書'!L38&"-"&'【交付申請】(第１号様式)交付申請書'!Q38 -> - | U2: ='【交付申請】(第１号様式)交付申請書'!L39 -> 0 | V2: ='【交付申請】(第１号様式)交付申請書'!L40 -> 0

Sheet 都集計表（実績報告）
A1: 通しNo | B1: 法人名 | C1: 法人番号 | D1: 法人所在地 | E1: 代表者職名 | F1: 代表者氏名 | G1: 事業所名 | H1: 事業所番号 | I1: サービス種類 | J1: ユニット名 | K1: 事業所定員 | L1: ユニット定員 | M1: 所在地 | N1: 総事業費 | O1: 交付決定額 | P1: 確定額 | Q1: 担当者氏名 | R1: 担当者所属 | S1: 電話番号 | T1: 郵便番号 | U1: 担当者送付先 | V1: メールアドレス
B2: ='【実績報告】(第2号様式)実績報告書'!R8 -> 0 | C2: ='【実績報告】(参考様式1-2)実績報告額内訳'!J4 -> 0 | D2: ='【実績報告】(第2号様式)実績報告書'!R7 -> 0 | E2: ='【実績報告】(第2号様式)実績報告書'!R9 -> 0 | F2: ='【実績報告】(第2号様式)実績報告書'!Y9 -> 0 | G2: ='【実績報告】(参考様式1-2)実績報告額内訳'!D5 -> 0 | H2: ='【実績報告】(参考様式1-2)実績報告額内訳'!J5 -> 0 | I2: ='【実績報告】(参考様式1-2)実績報告額内訳'!D6 -> 0 | J2: ='【実績報告】(参考様式1-2)実績報告額内訳'!H6 -> 0 | K2: ='【実績報告】(参考様式1-2)実績報告額内訳'!D7 -> 0 | L2: ='【実績報告】(参考様式1-2)実績報告額内訳'!H7 -> 0 | M2: ='【実績報告】(参考様式1-2)実績報告額内訳'!D8 -> 東京都 | N2: ='【実績報告】(参考様式1-2)実績報告額内訳'!I16 -> 0 | O2: ='【実績報告】(参考様式1-2)実績報告額内訳'!H13 -> 0 | P2: ='【実績報告】(参考様式1-2)実績報告額内訳'!I13 -> 0 | Q2: ='【実績報告】(第2号様式)実績報告書'!L27 -> 0 | R2: ='【実績報告】(第2号様式)実績報告書'!L26 -> 0 | S2: ='【実績報告】(第2号様式)実績報告書'!L28 -> 0 | T2: ='【実績報告】(第2号様式)実績報告書'!L29&"-"&'【実績報告】(第2号様式)実績報告書'!Q29 -> 0-0 | U2: ='【実績報告】(第2号様式)実績報告書'!L30 -> 0 | V2: ='【実績報告】(第2号様式)実績報告書'!L31 -> 0
